 Dungeon Crawl Stone Soup version 0.31.0-32-g396128a36d (webtiles) character file.

Game seed: 4614135152900292616

604 Alphaeus the Ruffian (level 7, -3/66 HPs)
             Began as a Troll Shapeshifter on Mar 19, 2024.
             Slain by a gnoll
             ... wielding a +0 halberd
             ... led by a gnoll bouda
              (7 damage)
             ... on level 4 of the Dungeon on Mar 20, 2024.
             The game lasted 00:01:46 (1983 turns).

Alphaeus the Ruffian (Troll Shapeshifter)           Turns: 1983, Time: 00:01:46

Health: -3/66      AC:  4    Str: 25    XL:     7   Next: 18%
Magic:  6/6        EV:  9    Int:  6    God:
Gold:   87         SH:  0    Dex:  9    Spells: 6/6 levels left

rFire   . .          .
                       - Unarmed
rCold   . . .        (no shield)
rNeg    . . .        a - +0 animal skin
rPois   .            (helmet currently unavailable)
rElec   .            (cloak currently unavailable)
rCorr   .            (gloves unavailable)
SInv    .            (boots unavailable)
Will    .....        (no amulet)
Stlth   +            (no ring)
HPRegen 1.11/turn    (no ring)
MPRegen 0.10/turn

%: no passive effects
@: beast-form
A: beast (slay +3), large, unfitting armour, claws 3, regeneration 1, shaggy fur
1, tough skin 1
a: Begin Untransformation


You were on level 4 of the Dungeon.
You were a hulking beast.
You visited 1 branch of the dungeon, and saw 4 of its levels.

You collected 87 gold pieces.

Inventory:

Armour
 a - a +0 animal skin (worn)
Talismans
 c - a beast talisman
 d - a flux talisman
Scrolls
 e - 2 scrolls of blinking {unknown}
 f - 3 scrolls of identify {unknown}
 h - a scroll of noise {unknown}
 i - a scroll of enchant weapon {unknown}
 o - a scroll of teleportation {unknown}
 r - 3 scrolls of immolation {unknown}
Potions
 b - a potion of lignification
 g - 2 potions of curing {unknown}
 j - 3 potions of berserk rage {unknown}
 k - 2 potions of mutation {unknown}
 l - a potion of degeneration {unknown}
 m - a potion of invisibility {unknown}
 n - a potion of enlightenment {unknown}
 p - a potion of cancellation {unknown}
 q - a potion of magic {unknown}


   Skills:
 + Level 2.8 Fighting
 - Level 1.5 Dodging
 * Level 5.7 Unarmed Combat
 * Level 5.3 Shapeshifting


You had 6 spell levels left.
You didn't know any spells.
Your spell library contained the following spells:

 Spells                   Type           Power      Damage    Failure   Level
 Gell's Gravitas          Tloc           0%         N/A       83%         3
 Teleport Other           Tloc           0%         N/A       83%         3
 Dispersal                Tloc           0%         N/A       100%        6


Dungeon Overview and Level Annotations

Branches:
Dungeon (4/15)
 Temple: D:4-7

Altars:
Ashenzari
Makhleb
Zin


Innate Abilities, Weirdness & Mutations

You are a hulking beast.
Your limbs bulge with bestial killing power. (Slay +3)
You are too large for most types of armour.
You have claws for hands.
Your natural rate of healing is unusually fast.
You are covered in fur. (AC +1)
You have tough skin. (AC +1)


Message History

The gnoll hits you from afar with a +0 spear!
The gnoll closely misses you. x2
You scratch the ogre.
The ogre is lightly wounded.
The gnoll hits you from afar with a +0 spear.
The gnoll hits you with a +0 club.
The gnoll hits you from afar with a +0 halberd!
The ogre hits you with a +0 giant club!!
* * * LOW HITPOINT WARNING * * *
You are too injured to fight recklessly!
You are too injured to fight recklessly!
You are too injured to fight recklessly!
You are too injured to fight recklessly!
You are too injured to fight recklessly!
You are too injured to fight recklessly!
You are too injured to fight recklessly!
You are too injured to fight recklessly!
You are too injured to fight recklessly!
You are too injured to fight recklessly!
You are too injured to fight recklessly!
You are too injured to fight recklessly!
You are too injured to fight recklessly!
You are too injured to fight recklessly!
You are too injured to fight recklessly!
You are too injured to fight recklessly!
You are too injured to fight recklessly!
The gnoll attacks as it pursues you!
The gnoll hits you from afar with a +0 halberd.
* * * LOW HITPOINT WARNING * * *
You claw the gnoll!
You kill the gnoll!
The gnoll hits you from afar with a +0 halberd!
* * * LOW HITPOINT WARNING * * *
You barely miss the ogre.
The ogre is lightly wounded.
The gnoll barely misses you. The ogre barely misses you.
You claw the ogre!
The ogre is heavily wounded.
The gnoll hits you from afar with a +0 halberd!
You die...

#############
#......hOg..#
#.####.##g......
#.####.##.#.###.
#.#<......# #
#.#.##.####
#......#
###.##.....
#..######
####.####


You could see an ogre and 2 gnolls.

Vanquished Creatures
  Sigmund (D:2)
  A black bear (D:4)
  A phantom (D:4)
  A hound (D:4)
  A gnoll bouda (D:4)
  3 iguanas (D:4)
  A gnoll (D:4)
  7 adders
  3 dart slugs
  3 bats (D:1)
  8 endoplasms
  4 giant cockroaches
  7 goblins
  11 hobgoblins
  4 jackals (D:1)
  3 quokkas (D:2)
  A ball python (D:2)
  A frilled lizard (D:3)
  3 kobolds
  4 rats
68 creatures vanquished.

Notes
Turn   | Place    | Note
-------+----------+-------------------------------------------
     0 | D:1      | Alphaeus the Troll Shapeshifter began the quest for the
                  | Orb.
     0 | D:1      | Reached XP level 1. HP: 18/18 MP: 0/0
   104 | D:1      | Reached skill level 1 in Fighting
   140 | D:1      | Reached XP level 2. HP: 26/27 MP: 1/1
   570 | D:1      | Reached XP level 3. HP: 33/33 MP: 2/2
   870 | D:2      | Noticed Sigmund
   875 | D:2      | Killed Sigmund
   876 | D:2      | Reached XP level 4. HP: 42/42 MP: 3/3
   876 | D:2      | Reached XP level 5. HP: 49/49 MP: 4/4
  1550 | D:3      | Reached XP level 6. HP: 52/57 MP: 5/5
  1568 | D:3      | Found a glowing silver altar of Zin.
  1703 | D:3      | Found a broken altar of Ashenzari.
  1703 | D:3      | You fall into a shaft and drop 1 floor!
  1730 | D:4      | Reached skill level 5 in Unarmed Combat
  1752 | D:4      | Reached skill level 5 in Shapeshifting
  1872 | D:4      | Found a burning altar of Makhleb.
  1879 | D:4      | Reached XP level 7. HP: 66/66 MP: 6/6
  1981 | D:4      | HP: 2/66 [gnoll/+0 halberd[a gnoll bouda] (12)]
  1983 | D:4      | Slain by a gnoll

Illustrated notes

Levels and vault maps discovered:
D:1:      giann_wishing_wells, layout_basic
D:2:      layout_basic, uniq_sigmund
D:3:      minmay_recursive_quarters, layout_basic, zin_treasury,
          lemuel_doored_altar
D:4:      layout_loops_cross, makhleb_heckhound_becter, kennysheep_minor_cross,
          minmay_vboxes

Skill      XL: |  1  2  3  4  5  6 |
---------------+-------------------+-----
Fighting       | 1 2 |  2.8
Unarmed Combat | 4 5 |  5.7
Shapeshifting  | 4 5 |  5.3
Dodging        | |  1.5

Action                     |  1- 3 |  4- 6 |  7- 9 || total
---------------------------+-------+-------+-------++-------
  Melee: Unarmed           |    57 |    82 |     7 ||   146
   Stab: Sleeping          |     1 |       |       ||     1
 Armour: Animal skin       |    36 |    50 |    10 ||    96
  Dodge: Dodged            |    24 |    51 |     7 ||    82
